 Dungeon Crawl Stone Soup version 0.27-a0-385-g3208abaabc (webtiles) character file.

Game seed: 16396779138723760596

597 kae the Insei (level 7, -6/51 HPs)
             Began as a Demonspawn Transmuter on Feb 19, 2021.
             Was an Initiate of Ru.
             Mangled by a killer bee (8 damage)
             ... on level 5 of the Dungeon.
             The game lasted 00:03:20 (5816 turns).

kae the Insei (Demonspawn Transmuter)               Turns: 5816, Time: 00:03:21

Health: -6/51      AC:  4    Str: 12    XL:     7   Next: 17%
Magic:  11/11      EV: 13    Int: 15    God:    Ru [......]
Gold:   218        SH:  0    Dex: 13    Spells: 8/12 levels left

rFire    + . .     SeeInvis .     - Unarmed
rCold    . . .     Faith    .   (no shield)
rNeg     + . .     Spirit   .   a - +0 robe
rPois    .         Reflect  .   (no helmet)
rElec    .         Harm     .   (no cloak)
rCorr    .         Rampage  .   (no gloves)
Will     .....     Clarity  +   (no boots)
Stlth    +.........             (no amulet)
HPRegen  0.17/turn              i - ring of protection from fire
MPRegen  0.12/turn              b - ring of positive energy

@: confused, lethally poisoned (-6 -> -25)
A: hooves 1, slimy green scales 1, clarity, demonic guardian 2, no potion heal
1, condensation shield
a: Renounce Religion


You were on level 5 of the Dungeon.
You worshipped Ru.
Ru was noncommittal.
You visited 2 branches of the dungeon, and saw 6 of its levels.

You collected 218 gold pieces.

Inventory:

Armour
 a - a +0 robe (worn)
Jewellery
 b - a ring of positive energy (right hand)
 i - a ring of protection from fire (left hand)
Scrolls
 c - a scroll of fog
 d - a scroll of identify
 h - a scroll of magic mapping
Potions
 e - 2 potions of heal wounds
 g - 2 potions of attraction
 l - a potion of invisibility {unknown}


   Skills:
 + Level 2.5 Fighting
 + Level 3.0 Dodging
 * Level 4.5 Unarmed Combat
 + Level 3.1 Spellcasting
 * Level 4.0 Transmutations
 - Level 2.0 Poison Magic


You had 8 spell levels left.
You knew the following spells:

 Your Spells              Type           Power        Failure   Level
a - Beastly Appendage     Tmut           28%          3%          1
b - Spider Form           Tmut/Pois      5%           17%         3

Your spell library contained the following spells:

 Spells                   Type           Power        Failure   Level
 Wereblood                Tmut           14%          6%          2
 Ice Form                 Ice/Tmut       8%           65%         4
 Blade Hands              Tmut           7%           71%         5


Dungeon Overview and Level Annotations

Branches:
Dungeon (5/15)             Temple (1/1) D:4

Altars:
Ashenzari
Cheibriados
Dithmenos
Elyvilon
Fedhas
Gozag
Hepliaklqana
Kikubaaqudgha
Makhleb
Nemelex Xobeh
Okawaru
Qazlal
Ru
Uskayaw
Wu Jian
Xom
Yredelemnul
Zin
The Shining One


Innate Abilities, Weirdness & Mutations

You have large cloven feet.
You are partially covered in slimy green scales. (AC +2)
A demonic guardian rushes to your aid.
A meltable shield of frost defends you. (SH +4)
You possess an exceptional clarity of mind.
Potions are less effective at restoring your health.


Message History

You feel a bit more experienced.
Your Dodging skill increases to level 3!
Your Transmutations skill increases to level 4! 2 gnolls come into view.
The gnoll shouts! x2
A killer bee comes into view.
A frilled lizard comes into view.
You see here a sky beast corpse.
A killer bee and a gnoll come into view.
The killer bee buzzes angrily. x2; You hear an angry buzzing noise. x2
A killer bee comes into view. x3; A hound comes into view.
You see here a sky beast corpse.
Okay, then.
It was a potion of ambrosia.
You are confused.
You feel invigorated. The killer bee completely misses you.
The killer bee stings you.
Your magical contamination has completely faded away.
You're too confused to move!
The killer bee closely misses you. The killer bee stings you.
You are poisoned.
The killer bee poisons you!
You bump into the rock wall.
You feel sick. The killer bee closely misses you. The killer bee misses you.
You feel sick. The killer bee misses you.
You feel sick. The killer bee stings you!
You bump into the rock wall.
The killer bee barely misses you. The killer bee stings you!
You are more poisoned.
The killer bee poisons you! The killer bee stings you.
* * * LOW HITPOINT WARNING * * *
It was a potion of mutation.
You feel extremely strange.
Your system partially rejects the healing effects of potions.
Your thoughts seem clearer.
You feel sick. The killer bee stings you!
* * * LOW HITPOINT WARNING * * *
A demonic guardian appears!
The killer bee stings you.
* * * LOW HITPOINT WARNING * * *
You are more poisoned.
The killer bee poisons you! The killer bee stings you!
You die...

###........
#.#........
#..........
#.l........
#y†...l....
#g#.......g
##g##....... #yy#
.g..... #@##
....... #4# .......
#.# .[........##.
#.# ............
##.###..........#
#.....#........# .
#............>.##.#
#.................#
#................##


You could see 3 killer bees, 2 gnolls, a frilled lizard and a friendly hellwing
(summoned).

Vanquished Creatures
  A sky beast (D:5)
  A centaur (D:5)
  A scorpion (D:5)
  A howler monkey (D:4)
  A bullfrog zombie (D:3)
  3 orc wizards (D:4)
  A worker ant (D:4)
  A hound skeleton (D:3)
  4 gnolls (D:2)
  7 adders
  An adder zombie (D:5)
  2 worms (D:3)
  3 dart slugs
  3 leopard geckos
  5 orcs
  3 giant cockroaches
  7 goblins
  5 hobgoblins
  5 jackals (D:1)
  2 ball pythons
  6 bats
  4 frilled lizards
  10 kobolds
  4 rats
81 creatures vanquished.

Vanquished Creatures (collateral kills)
  An adder (D:2)
  A leopard gecko (D:1)
  3 orcs (D:4)
  A giant cockroach (D:3)
  2 jackals (D:1)
  A rat (D:1)
9 creatures vanquished.

Grand Total: 90 creatures vanquished

Notes
Turn   | Place    | Note
-------+----------+-------------------------------------------
     0 | D:1      | kae the Demonspawn Transmuter began the quest for the Orb.
     0 | D:1      | Reached XP level 1. HP: 15/15 MP: 3/3
   597 | D:1      | Gained mutation: A weak demonic guardian rushes to your
                  | aid. [demonic ancestry]
   597 | D:1      | Reached XP level 2. HP: 15/20 MP: 1/5
  1280 | D:1      | Gained mutation: You have large cloven feet. [demonic
                  | ancestry]
  1280 | D:1      | Reached XP level 3. HP: 26/26 MP: 6/6
  1284 | D:1      | Learned a level 3 spell: Spider Form
  1773 | D:2      | Found a shadowy altar of Dithmenos.
  2513 | D:2      | Found a broken altar of Ashenzari.
  2588 | D:2      | Gained mutation: A demonic guardian rushes to your aid.
                  | [demonic ancestry]
  2588 | D:2      | Reached XP level 4. HP: 28/32 MP: 3/7
  2595 | D:2      | Reached skill level 1 in Poison Magic
  2940 | D:2      | Found a basalt altar of Yredelemnul.
  3297 | D:3      | Gained mutation: You are partially covered in slimy green
                  | scales. (AC +2) [demonic ancestry]
  3297 | D:3      | Reached XP level 5. HP: 31/38 MP: 6/8
  3409 | D:3      | Found a faded altar of an unknown god.
  4632 | D:4      | Found a staircase to the Ecumenical Temple.
  4700 | Temple   | Entered the Ecumenical Temple
  4707 | Temple   | Became a worshipper of Ru the Awakened
  4752 | D:4      | Found an opulent altar of Gozag.
  4785 | D:4      | Reached XP level 6. HP: 20/44 MP: 6/10
  5599 | D:5      | Entered Level 5 of the Dungeon
  5755 | D:5      | Gained mutation: A meltable shield of frost defends you.
                  | (SH +4) [demonic ancestry]
  5755 | D:5      | Reached XP level 7. HP: 45/51 MP: 7/11
  5816 | D:5      | Gained mutation: Potions are less effective at restoring
                  | your health. [potion of mutation]
  5816 | D:5      | Gained mutation: You possess an exceptional clarity of
                  | mind. [potion of mutation]
  5816 | D:5      | HP: 2/51 [killer bee (5)]
  5816 | D:5      | Mangled by a killer bee

Illustrated notes

Levels and vault maps discovered:
D:1:      erik_arrival_cave_to_civilisation [erik_arrival_cave_to_hall],
          layout_basic, minmay_tetromino_i2
D:2:      layout_basic, nicolae_overflow_hidden_temple, lemuel_round_altar
D:3:      layout_rooms, chequers_ecumenical_altar_twisty, st_stairs_11
D:4:      layout_rooms, nicolae_gozag_cash_rules_everything_around_me,
          minmay_temple_entry_glassed_door
D:5:      layout_rooms, basic_altar
Temple:   nicolae_temple_no_exploring_needed

Skill      XL: |  1  2  3  4  5  6  7 |
---------------+----------------------+-----
Transmutations | 2 3 4 |  4.0
Unarmed Combat | 3 4 |  4.5
Dodging        | 2 3 |  3.0
Poison Magic   | 1 2 |  2.0
Fighting       | 2 |  2.5
Spellcasting   | 3 |  3.1

Action                   |  1- 3 |  4- 6 |  7- 9 || total
-------------------------+-------+-------+-------++-------
Melee: Unarmed           |   107 |   196 |    13 ||   316
       Headbutt          |     9 |    15 |       ||    24
       Kick              |    19 |    30 |     2 ||    51
       Punch             |       |     1 |       ||     1
 Cast: Beastly Appendage |    22 |    20 |       ||    42
       Spider Form       |     1 |     8 |       ||     9
  Use: Scroll            |     4 |     6 |       ||    10
       Potion            |       |     1 |     2 ||     3
Armor: Robe              |    37 |    39 |     3 ||    79
       Skin              |       |     4 |       ||     4
Dodge: Dodged            |    86 |   137 |    11 ||   234
Block: Other             |       |       |     1 ||     1

Table legend: (Time is in decaauts)
 A = Elapsed time spent in this place.
 B = Non-inter-level travel time spent in this place.
 C = Inter-level travel time spent in this place.
 D = Time resting spent in this place.
 E = Time spent auto-exploring this place.
 F = Levels seen in this place.
 G = Mean time per level.
                   A        B        C        D        E       F      G
               +--------+--------+--------+--------+--------+-----+--------+
         Total |   5794 |   5628 |    166 |    422 |   4487 |   6 |  965.7 |
       Dungeon |   5780 |   5621 |    159 |    422 |   4487 |   5 | 1156.0 |
        Temple |     14 |      8 |      6 |      0 |      0 |   1 |   14.0 |
               +--------+--------+--------+--------+--------+-----+--------+

Top non-repeatable levels by time:
     D:1: 1763 daAuts
     D:2: 1415 daAuts
     D:3: 1346 daAuts
     D:4: 1040 daAuts
     D:5: 213 daAuts
  Temple: 14 daAuts
